 Dungeon Crawl Stone Soup version 0.24-a0-463-g3510def36b (webtiles) character file.

Game seed: 2461615330753766955

9111 Kuinu the Fighter (level 11, -6/153 HPs)
             Began as a Purple Draconian Berserker on July 2, 2019.
             Was a High Priest of Trog.
             Mangled by Snorg (20 damage)
             ... on level 10 of the Dungeon.
             The game lasted 00:25:11 (9508 turns).

Kuinu the Fighter (Purple Draconian Berserker)      Turns: 9508, Time: 00:25:12

Health: -6/153     AC: 11    Str: 24    XL:     11   Next: 18%
Magic:  11/11      EV: 19    Int:  9    God:    Trog [*****.]
Gold:   546        SH:  2    Dex: 17    Spells: 10/10 levels left

rFire    . . .     SeeInvis .   O - +5 great sword of the Exiled Lies {holy, +Rage Dex+4}
rCold    . . .     Gourm    .   (shield currently unavailable)
rNeg     . . .     Faith    .   (armour unavailable)
rPois    .         Spirit   .   (helmet restricted)
rElec    .         Reflect  +   D - +0 cloak (curse)
rCorr    +         Harm     .   (no gloves)
MR       ++...                  m - +2 pair of boots
Stlth    ..........             w - +2 amulet of reflection
HPRegen  0.35/turn              u - ring of resist corrosion
MPRegen  0.12/turn              p - ring of protection from magic

@: berserking, very quick
A: breathe power, unfitting armour, cold-blooded, AC +7
a: Breathe Dispelling Energy, Berserk, Trog's Hand, Brothers in Arms, Renounce
Religion, Evoke Berserk Rage


You were on level 10 of the Dungeon.
You worshipped Trog.
Trog was extremely pleased with you.
You were hungry.

You visited 1 branch of the dungeon, and saw 10 of its levels.
You also visited: Sewer and Bailey.

You collected 546 gold pieces.

Inventory:

Hand Weapons
 a - a +1 falchion
 t - a +0 long sword
 v - a +1 hand axe of venom
 E - a +3 longbow of freezing
 O - the +5 great sword of the Exiled Lies (weapon) {holy, +Rage Dex+4}
   (You found it in a bailey)

   It has been blessed by the Shining One to cause great damage to the undead
   and demons.
   It affects your dexterity (+4).
   It lets you go berserk.
Armour
 m - a +2 pair of boots (worn)
 D - a cursed +0 cloak (worn)
Jewellery
 c - an uncursed ring of stealth
 p - a ring of protection from magic (right hand)
 q - an uncursed ring of protection from magic
 u - a ring of resist corrosion (left hand)
 w - a +2 amulet of reflection (around neck)
 G - a +2 ring of evasion
 H - a +2 ring of strength
 I - a +3 amulet of reflection
 M - an uncursed ring of flight
 P - an uncursed ring of ice
Wands
 n - a wand of iceblast (8)
 x - a wand of clouds (5)
 L - a wand of flame (27)
Scrolls
 f - 7 scrolls of teleportation
 l - 5 scrolls of enchant weapon
 r - 2 scrolls of fear
 s - 3 scrolls of blinking
 y - 3 scrolls of remove curse
 z - a scroll of fog
 C - 2 scrolls of enchant armour
 K - a scroll of identify
Potions
 d - 3 potions of agility
 e - 4 potions of flight
 g - a potion of lignification
 h - 3 potions of heal wounds
 i - 2 potions of resistance
 j - 2 potions of curing
 k - 6 potions of might
 o - a potion of haste
 A - a potion of ambrosia
 B - 3 potions of magic
 J - a potion of mutation
 N - a potion of invisibility {unknown}
Comestibles
 b - 14 rations
 F - 2 chunks of flesh


   Skills:
 * Level 11.4 Fighting
 * Level 10.5 Long Blades
 * Level 9.7 Dodging


You had 10 spell levels left.
You didn't know any spells.
Your spell library was empty.

Dungeon Overview and Level Annotations

Branches:
Dungeon (10/15)            Temple (0/1) D:4            Lair (0/6) D:8
    Orc: D:9-12

Altars:
Dithmenos
Elyvilon
Fedhas
Hepliaklqana
Kikubaaqudgha
Nemelex Xobeh
Qazlal
Ru
Sif Muna
Wu Jian

Shops:
D:5 (   D:9 =   D:10 *

Annotations:
D:3 1 transporter, Azzok's ghost, amateur DDFi
D:10 Grum; Snorg


Innate Abilities, Weirdness & Mutations

You can breathe bolts of dispelling energy.
Your rich purple scales are hard. (AC +7)
You cannot fit into any form of body armour.
You are cold-blooded and may be slowed by cold attacks.


Message History

Snorg barely misses you. Snorg claws you! Snorg closely misses you.
The crimson imp closely misses you.
You slash Snorg!
Snorg is severely wounded.
You block Snorg's attack. Snorg misses you. Snorg claws you.
You closely miss Snorg.
Snorg is severely wounded.
Snorg barely misses you. Snorg claws you!
* * * LOW HITPOINT WARNING * * *
Snorg claws you!
* * * LOW HITPOINT WARNING * * *
You block the crimson imp's attack.
You slash Snorg!
Snorg is almost dead.
Snorg bites you.
* * * LOW HITPOINT WARNING * * *
Snorg claws you!
* * * LOW HITPOINT WARNING * * *
Snorg misses you. The crimson imp barely misses you. Snorg bites you!!
You die...

####################
....................
#.................
.####..........##.....
......................
########'##........####
#(...5@...#........#...
#....T..?.#....#...#...
#.#..#.........+....#...+...
#.#..#.........#....#...#...
#....#...##....#....#...##+#
#....#... #....#............
##....#.. .....#.<..........
####.....#..
.....#.........###
#........# #............


You could see Snorg (berserk) and a crimson imp.

Vanquished Creatures
  Fannar (D:10)
  2 two-headed ogres (D:8)
  An orc knight (Bailey)
  Joseph (D:8)
  A queen bee (D:9)
  A troll (D:10)
  A hippogriff (D:7)
  A wyvern (D:4)
  Eustachio (D:6)
  A hungry ghost (D:9)
  An ice beast (D:5)
  5 orc warriors
  A black bear (D:5)
  2 ogres
  2 phantoms
  4 wolves (D:10)
  4 centaurs
  2 big kobolds (D:9)
  A crocodile (D:10)
  12 bullfrogs
  A water moccasin skeleton (D:5)
  4 scorpions
  17 killer bees
  3 howler monkeys (D:7)
  A centaur zombie (D:8)
  5 crimson imps
  2 quasits
  A centaur skeleton (D:4)
  8 hounds
  4 orc priests
  A bullfrog skeleton (D:7)
  6 iguanas
  7 orc wizards
  7 worker ants
  A hound zombie (D:5)
  A worker ant zombie (D:6)
  4 gnolls
  21 adders
  6 river rats
  4 shadow imps
  2 oozes
  2 adder skeletons
  4 worms
  2 dart slugs (D:4)
  5 leopard geckos
  46 orcs
  4 giant cockroaches
  5 goblins
  6 hobgoblins
  10 jackals
  21 kobolds
  2 quokkas
  12 ball pythons
  4 bats
  8 frilled lizards
  A giant cockroach zombie (D:5)
  A leopard gecko skeleton (D:7)
  2 leopard gecko zombies
  33 rats
319 creatures vanquished.

Vanquished Creatures (others)
  A kobold (Bailey)
1 creature vanquished.

Grand Total: 320 creatures vanquished

Notes
Turn   | Place    | Note
-------+----------+-------------------------------------------
     0 | D:1      | Kuinu the Draconian Berserker began the quest for the Orb.
     0 | D:1      | Reached XP level 1. HP: 19/19 MP: 1/1
   189 | D:1      | Reached XP level 2. HP: 25/26 MP: 2/2
   546 | D:2      | Found a blossoming altar of Fedhas.
   563 | D:2      | Reached XP level 3. HP: 28/33 MP: 3/3
   644 | D:2      | Reached ** piety under Trog
   752 | D:2      | Reached skill level 4 in Fighting
   773 | D:2      | Found a hazy altar of Hepliaklqana.
  1024 | D:2      | Reached XP level 4. HP: 40/40 MP: 4/4
  1260 | D:3      | Found a transporter.
  1272 | D:3      | Noticed an ogre
  1278 | D:3      | Killed an ogre
  1278 | D:3      | Reached XP level 5. HP: 47/47 MP: 5/5
  1280 | D:3      | Noticed an ogre
  1283 | D:3      | Noticed Azzok's ghost (amateur DDFi)
  1372 | D:3      | Found a sparkling altar of Nemelex Xobeh.
  1376 | D:3      | Found a white marble altar of Elyvilon.
  1389 | D:3      | Found a stormy altar of Qazlal.
  1394 | D:3      | Found a blossoming altar of Fedhas.
  1532 | D:3      | Found a deep blue altar of Sif Muna.
  1650 | D:3      | Reached *** piety under Trog
  1810 | D:3      | Noticed an ogre
  1813 | D:3      | Noticed an ogre
  1992 | D:3      | Reached skill level 5 in Fighting
  2039 | D:4      | Reached XP level 6. HP: 38/56 MP: 6/6
  2063 | D:4      | Found a staircase to the Ecumenical Temple.
  2394 | D:4      | Noticed a wyvern
  2406 | D:4      | Killed a wyvern
  2406 | D:4      | Reached skill level 5 in Long Blades
  2438 | D:4      | Found an ancient bone altar of Kikubaaqudgha.
  2463 | D:4      | Your scales start taking on a rich purple colour.
  2463 | D:4      | Reached XP level 7. HP: 54/62 MP: 7/7
  3063 | D:5      | Entered Level 5 of the Dungeon
  3063 | D:5      | Found Heqefidi's Antique Weapon Boutique.
  3070 | D:5      | Reached skill level 6 in Fighting
  3073 | D:5      | Reached skill level 5 in Dodging
  3383 | D:5      | Reached XP level 8. HP: 54/71 MP: 8/8
  3611 | D:5      | Reached skill level 7 in Fighting
  3677 | D:5      | Reached **** piety under Trog
  3872 | D:6      | Noticed Eustachio
  3933 | D:6      | Killed Eustachio
  3933 | D:6      | Reached skill level 8 in Fighting
  3974 | D:6      | Found a sacrificial altar of Ru.
  3983 | D:6      | Found a shadowy altar of Dithmenos.
  4116 | D:6      | Reached XP level 9. HP: 81/81 MP: 9/9
  4309 | D:6      | Found a glowing drain.
  4320 | Sewer    | Entered a sewer
  4508 | Sewer    | Reached ***** piety under Trog
  5056 | D:6      | Found an ornate altar of the Wu Jian Council.
  5247 | D:7      | Reached skill level 9 in Fighting
  6262 | D:8      | Noticed Joseph
  6285 | D:8      | Killed Joseph
  6285 | D:8      | Reached XP level 10. HP: 62/92 MP: 10/10
  6369 | D:8      | Found a staircase to the Lair.
  6423 | D:8      | Noticed a two-headed ogre
  6432 | D:8      | Killed a two-headed ogre
  6432 | D:8      | Reached skill level 10 in Fighting
  6498 | D:8      | Received a gift from Trog
  6755 | D:8      | Noticed a two-headed ogre
  6764 | D:8      | Killed a two-headed ogre
  7939 | D:9      | Found Qonab's Jewellery Shop.
  8042 | D:9      | Reached skill level 10 in Long Blades
  8440 | D:10     | Entered Level 10 of the Dungeon
  8520 | D:10     | Reached skill level 11 in Fighting
  8637 | D:10     | Found a flagged portal.
  8668 | Bailey   | Entered a bailey
  8688 | Bailey   | Noticed an orc knight
  8707 | Bailey   | Killed an orc knight
  8853 | Bailey   | Found a bloodstained altar of Trog.
  8866 | Bailey   | Reached XP level 11. HP: 79/102 MP: 11/11
  8892 | Bailey   | Got a warped great sword
  8903 | Bailey   | Identified the +5 great sword of the Exiled Lies {holy,
                  | +Rage Dex+4} (You found it in a bailey)
  8951 | D:10     | Found Xulam's Elemental Accessories.
  8963 | D:10     | Noticed Fannar
  8975 | D:10     | Killed Fannar
  8996 | D:10     | Noticed Grum
  9008 | D:10     | HP: 1/102 [troll (8)]
  9496 | D:10     | Noticed Snorg
  9508 | D:10     | Mangled by Snorg

Levels and vault maps discovered:
D:1:      dpeg_arrival_orchard, layout_loops_ring, minmay_ruptured
D:2:      layout_basic, lemuel_crystal_altar, first_ration, fedhas_altar_3
D:3:      layout_basic, grunt_temple_overflow_forces_of_nature, led_sif_pool,
          chequers_temple_overflow_statue_of_worship, gammafunk_ghost_smash,
          chequers_serial_rivers_micro_b, roderic_serpentine_path,
          kennysheep_cross_bottleneck, kennysheep_crisscross
D:4:      layout_basic, kiku_gazebo_garden_becter,
          minmay_temple_entry_proselytizer, lemuel_flame_loot_1
D:5:      layout_loops_ring, serial_shops, shop
D:6:      layout_loops_cross, marbit_many_paths, nicolae_ru_awakened_eye,
          grunt_dithmenos_smoke_and_mirrors, cheibrodos_sewer_entry_sluice,
          uniq_eustachio
D:7:      layout_loops_corners, minmay_circle_x
D:8:      layout_gridville, dpeg_oklobed_lair, uniq_joseph
D:9:      layout_basic, serial_shops, shop, david_nohive_1, chequers_jeans
D:10:     layout_stronghold, orc_0_dummy, enter_bailey_2,
          nicolae_elemental_shop, minivault_25,
          hangedman_abyss_or_decor_lesser_grid, uniq_fannar, uniq_grum,
          uniq_snorg

Skill      XL: |  1  2  3  4  5  6  7  8  9 10 |
---------------+-------------------------------+-----
Dodging        | 3 4 5 6 8 9 |  9.7
Fighting       | 4 5 6 8 9 11 | 11.4
Long Blades    | 4 5 6 7 8 10 | 10.5

Action                   |  1- 3 |  4- 6 |  7- 9 | 10-12 || total
-------------------------+-------+-------+-------+-------++-------
Melee: Falchion          |    97 |   126 |   585 |   330 ||  1138
       Tailslap          |     8 |    21 |   104 |    67 ||   200
       Great sword       |       |       |       |    45 ||    45
Invok: Berserk           |       |     4 |     5 |     8 ||    17
       Trog's Hand       |       |       |     7 |     4 ||    11
 Abil: Breathe Dispellin |       |       |     1 |       ||     1
  Use: Scroll            |     2 |     7 |    12 |     5 ||    26
 Stab: Sleeping          |     2 |     3 |     5 |       ||    10
  Eat: Chunk             |     1 |     6 |    20 |    19 ||    46
       Ration            |       |     1 |       |     1 ||     2
Armor: Skin              |    31 |    28 |   163 |   121 ||   343
Dodge: Dodged            |    70 |    88 |   526 |   422 ||  1106
Block: Other             |       |       |    33 |    44 ||    77
       Reflection        |       |       |     1 |     9 ||    10
       Rpst.: Falchion   |    21 |    29 |   145 |    78 ||   273
       Great sword       |       |       |       |    13 ||    13

Table legend:
 A = Non-vault XP
 B = Vault XP
 C = Vault XP percentage of total XP
 D = Non-vault monster count
 E = Vault monster count
 F = Vault count percentage of total count
                 A         B        C        D         E       F
            +---------+---------+-------+---------+---------+-------
      Total |    8044 |    4972 |  38.2 |     233 |      87 |  27.2
            +---------+---------+-------+---------+---------+-------
        D:1 |      22 |       5 |  18.5 |      13 |       3 |  18.8
        D:2 |     108 |       0 |   0.0 |      24 |       0 |   0.0
        D:3 |     222 |       0 |   0.0 |      28 |       0 |   0.0
        D:4 |     426 |      43 |   9.2 |      15 |       1 |   6.2
        D:5 |    1049 |       0 |   0.0 |      24 |       0 |   0.0
        D:6 |    1070 |     244 |  18.6 |      30 |       5 |  14.3
        D:7 |    1055 |     328 |  23.7 |      33 |       2 |   5.7
        D:8 |    2032 |     486 |  19.3 |      11 |       1 |   8.3
        D:9 |    1174 |    1182 |  50.2 |      39 |      15 |  27.8
       D:10 |     886 |    1399 |  61.2 |      16 |       5 |  23.8
      Sewer |       0 |     378 | 100.0 |       0 |      48 | 100.0
     Bailey |       0 |     907 | 100.0 |       0 |       7 | 100.0
            +---------+---------+-------+---------+---------+-------
